 Dungeon Crawl Stone Soup version 0.29.1-12-g30fa7ad0bf (webtiles) character file.

Game seed: 9810394829609035322

30 melloss the Sneak (level 3, -2/16 HPs)
             Began as a Spriggan Enchanter on Dec 21, 2022.
             Succumbed to a kobold's poison
             ... on level 2 of the Dungeon.
             The game lasted 00:04:52 (1391 turns).

melloss the Sneak (Spriggan Enchanter)              Turns: 1391, Time: 00:04:52

Health: -2/16      AC:  2    Str:  6    XL:     3   Next: 5%
Magic:  2/8        EV: 18    Int: 16    God:
Gold:   63         SH:  0    Dex: 15    Spells: 5/7 levels left

rFire   . . .      SeeInvis +   a - +1 dagger
rCold   . . .      Faith    .   (no shield)
rNeg    . . .      Spirit   .   b - +0 robe
rPois   .          Reflect  .   (helmet restricted)
rElec   .          Harm     .   (no cloak)
rCorr   .          Rampage  .   (gloves unavailable)
Will    +....                   (boots unavailable)
Stlth   +++.......              (no amulet)
HPRegen 0.05/turn               r - ring of willpower
MPRegen 0.11/turn               (no ring)

@: lethally poisoned (-2 -> -17), invisible, very quick
A: very small, no large weapons, unfitting armour, see invisible, speed 3
a: no special abilities


You were on level 2 of the Dungeon.
You visited 1 branch of the dungeon, and saw 2 of its levels.

You collected 63 gold pieces.

Inventory:

Hand Weapons
 a - a +1 dagger (weapon)
Missiles
 e - 24 stones (quivered)
 m - 2 poisoned darts
 s - 2 boomerangs
Armour
 b - a +0 robe (worn)
Jewellery
 g - a ring of resist corrosion
 r - a ring of willpower (left hand)
Scrolls
 f - a scroll of vulnerability {unknown}
 h - a scroll of identify {unknown}
 i - a scroll of torment {unknown}
 j - a scroll of brand weapon {unknown}
 o - a scroll of enchant armour {unknown}
 p - a scroll of poison {unknown}
Potions
 c - a potion of invisibility
 d - a potion of curing {unknown}
 k - a potion of ambrosia {unknown}
 l - a potion of attraction {unknown}
 n - a potion of might {unknown}
 q - a potion of resistance {unknown}


   Skills:
 - Level 1.1 Short Blades
 + Level 3.9 Dodging
 + Level 5.5 Stealth
 - Level 2.6 Spellcasting
 - Level 3.6 Hexes


You had 5 spell levels left.
You knew the following spells:

 Your Spells              Type           Power      Damage    Failure   Level
a - Ensorcelled Hibernat  Hex/Ice        14%        N/A       14%         2

Your spell library contained the following spells:

 Spells                   Type           Power      Damage    Failure   Level
 Confusing Touch          Hex            13%        N/A       13%         3
 Tukima's Dance           Hex            13%        N/A       13%         3
 Dazzling Flash           Conj/Hex       14%        N/A       28%         3


Dungeon Overview and Level Annotations

Branches:
Dungeon (2/15)

Altars:
Cheibriados


Innate Abilities, Weirdness & Mutations

You are very small and have problems with some larger weapons.
You are too small for most types of armour.
You have supernaturally acute eyesight. (SInv)
You cover ground extremely quickly. (Speed+++)


Message History

The jackal looks drowsy...
The helpless jackal fails to defend itself.
You puncture the jackal!
You kill the jackal!
You have reached level 3!
Your experience leads to an increase in your attributes!
Increase (S)trength, (I)ntelligence, or (D)exterity?
You feel stronger. x2
An endoplasm comes into view.
The helpless goblin fails to defend itself.
You impale the goblin!!
You kill the goblin!
Found a snail-covered altar of Cheibriados.
The endoplasm quivers.
A quokka comes into view.
The kobold barely misses you.
Casting: Ensorcelled Hibernation (safe; 14% risk of failure)
Confirm with . or Enter, or press ? or * to list all spells.
Aiming: Ensorcelled Hibernation (safe; 14% risk of failure)
Press: ? - help, Shift-Dir - straight line, f - kobold
Aim: a kobold, wielding a +0 short sword of venom and quivering poisoned darts (chance to affect: 58%)
The kobold resists with significant effort.
The kobold hits you with a +0 short sword of venom.
You are lethally poisoned!
Casting: Ensorcelled Hibernation (safe; 14% risk of failure)
Confirm with . or Enter, or press ? or * to list all spells.
Aiming: Ensorcelled Hibernation (safe; 14% risk of failure)
Press: ? - help, Shift-Dir - straight line, f/p - kobold
Aim: a kobold, wielding a +0 short sword of venom and quivering poisoned darts (chance to affect: 58%)
The kobold resists with significant effort.
You feel very sick.
The kobold hits you with a +0 short sword of venom.
You are more poisoned.
You hit the kobold.
The kobold is moderately wounded.
* * * LOW HITPOINT WARNING * * *
You feel very sick. The kobold barely misses you.
You fade into invisibility!
You die...

.#.#.#.h.... ............##.
#.#.#.#......... #.#.#.#.##.#
#.# .# # ##.....r..#.# #.# .#
.# ......#..#.# #.# .# ..#
#.#.###..#.###.##.#...##
#.#.#....K..............
#........@.J.....###..#
##.#.#.#..#............#
#..#.#.#..#.........#..## #.
#..#.#.#.................
###.###......#..........#......
..#.##...##............).......
.........##..##.##.#..###.#.###
......†......##.##.#..# .....
###.#..............#..# #....


You could see an endoplasm, a quokka (unable to see you) and a kobold (unable to
see you).

Vanquished Creatures
  2 giant cockroaches (D:1)
  2 goblins
  4 hobgoblins (D:1)
  2 jackals
  A quokka (D:1)
  4 ball pythons
  A bat (D:1)
  5 kobolds (D:1)
  7 rats (D:1)
  A spectral goblin (D:1)
29 creatures vanquished.

Notes
Turn   | Place    | Note
-------+----------+-------------------------------------------
     0 | D:1      | melloss the Spriggan Enchanter began the quest for the Orb.
     0 | D:1      | Reached XP level 1. HP: 9/9 MP: 5/5
   352 | D:1      | Reached XP level 2. HP: 13/13 MP: 6/6
   355 | D:1      | Learned a level 2 spell: Ensorcelled Hibernation
   362 | D:1      | Reached skill level 5 in Stealth
   873 | D:1      | Found a faded altar of an unknown god.
  1370 | D:2      | Reached XP level 3. HP: 16/16 MP: 5/8
  1378 | D:2      | Found a snail-covered altar of Cheibriados.
  1391 | D:2      | Succumbed to a kobold's poison

Illustrated notes

Levels and vault maps discovered:
D:1:      dpeg_arrival_ratfight, layout_basic,
          dreamdust_ecumenical_altar_drowned_temple, minmay_distorted
D:2:      layout_basic, basic_altar

Skill      XL: |  1  2 |
---------------+-------+-----
Dodging        | 3 |  3.9
Stealth        | 5 |  5.5
Short Blades   | |  1.1
Spellcasting   | |  2.6
Hexes          | |  3.6

Action                   || total
-------------------------++-------
Melee: Dagger            ||    79
 Cast: Ensorcelled Hiber ||     6
  Use: Potion            ||     1
 Stab: Sleeping          ||    11
Armor: Robe              ||     7
Dodge: Dodged            ||    54
